 Dungeon Crawl Stone Soup version 0.28.0-53-g5a82cb258f (webtiles) character file.

Game seed: 5545643080890749736

1656 Gabide the Tainter (level 9, 0/57 (61) HPs)
             Began as a Formicid Venom Mage on June 28, 2022.
             Was a Follower of Dithmenos.
             Slain by a wight
             ... wielding a +4 great sword
              (16 damage)
             ... on level 5 of the Dungeon.
             The game lasted 00:16:58 (8573 turns).

Gabide the Tainter (Formicid Venom Mage)            Turns: 8573, Time: 00:16:59

HP:   0/57 (61)     AC:  9    Str: 13    XL:     9   Next: 20%
MP:   16/16         EV: 11    Int: 19    God:    Dithmenos [*.....]
Gold: 144           SH:  0    Dex: 11    Spells: 11/18 levels left

rFire   . . .      SeeInvis +   g - +2 mace (vorpal)
rCold   + . .      Faith    .   (no shield)
rNeg    . . .      Spirit   .   n - +3 leather armour {rC+}
rPois   .          Reflect  .   (helmet unavailable)
rElec   .          Harm     .   q - +2 cloak
rCorr   .          Rampage  .   (no gloves)
Will    +....                   (no boots)
Stlth   ++........              (no amulet)
HPRegen 0.19/turn               b - ring of willpower
MPRegen 0.15/turn               (no ring)

@: wreathed by umbra, drained
A: permanent stasis, dig shafts and tunnels, antennae 3, four strong arms
a: Dig, Shaft Self, Renounce Religion


You were on level 5 of the Dungeon.
You worshipped Dithmenos.
Dithmenos was aware of your devotion.
You visited 2 branches of the dungeon, and saw 7 of its levels.

You collected 348 gold pieces.
You spent 204 gold pieces at shops.

Inventory:

Hand Weapons
 a - a +2 dagger of freezing
 g - a +2 vorpal mace (weapon)
 m - the +2 short sword of Rum Wuit {venom, Will+ rCorr Str-5 Int+7}
   (You found it on level 3 of the Dungeon)

   It poisons the flesh of those it strikes.
   Str:       It affects your strength (-5).
   Int:       It affects your intelligence (+7).
   rCorr:     It protects you from acid and corrosion.
   Will:      It increases your willpower.
Armour
 j - a +1 ring mail of poison resistance
 n - a +3 leather armour of cold resistance (worn)
 q - a +2 cloak (worn)
Magical Staves
 l - a staff of poison
 v - a staff of air
Jewellery
 b - a ring of willpower (left hand)
Wands
 e - a wand of mindburst (17)
Scrolls
 d - a scroll of silence {unknown}
 f - a scroll of immolation {unknown}
 i - a scroll of enchant weapon {unknown}
 k - a scroll of vulnerability {unknown}
 o - 2 scrolls of fear
 p - 2 scrolls of fog
 t - a scroll of summoning
 u - a scroll of noise {unknown}
Potions
 c - a potion of mutation
 h - 2 potions of degeneration
 r - a potion of curing
 w - a potion of brilliance {unknown}


   Skills:
 - Level 2.0 Fighting
 - Level 2.0 Dodging
 - Level 3.0 Stealth
 + Level 5.3 Spellcasting
 * Level 8.0 Transmutations
 * Level 9.1 Poison Magic


You had 11 spell levels left.
You knew the following spells:

 Your Spells              Type           Power      Damage    Failure   Level
a - Sting                 Tmut/Pois      100%       1d8       1%          1
b - Poisonous Vapours     Pois/Air       44%        N/A       3%          2
c - Olgreb's Toxic Radia  Pois           39%        N/A       3%          4

Your spell library contained the following spells:

 Spells                   Type           Power      Damage    Failure   Level
 Mephitic Cloud           Conj/Pois/Air  16%        N/A       13%         3
 Gell's Gravitas          Tloc           5%         N/A       43%         3
 Teleport Other           Tloc           5%         N/A       43%         3
 Dispersal                Tloc           2%         N/A       100%        6


Dungeon Overview and Level Annotations

Branches:
Dungeon (6/15)             Temple (1/1) D:4

Altars:
Ashenzari
Cheibriados
Dithmenos
Elyvilon
Fedhas
Gozag
Hepliaklqana
Kikubaaqudgha
Makhleb
Nemelex Xobeh
Okawaru
Qazlal
Ru
Sif Muna
Trog
Uskayaw
Vehumet
Xom
Yredelemnul
Zin
The Shining One

Shops:
D:5 ?


Innate Abilities, Weirdness & Mutations

You cannot be hasted, slowed, berserked, paralysed or teleported.
You can dig through walls and to a lower floor.
You have a pair of large antennae on your head. (SInv)
Your four strong arms can wield two-handed weapons with a shield.


Message History

Magic restored.
There is a stone staircase leading down here.
You climb downwards.
The wight barely misses you.
The wight hits you with a +4 great sword!!
You feel drained.
There is a stone staircase leading up, spattered with blood here.
The wight hits you from afar with a +4 spear!
The wight hits you with a +4 great sword!
* * * LOW HITPOINT WARNING * * *
You climb upwards.
There is a stone staircase leading down here.
You feel much better. The wight closely misses you.
g - a +2 vorpal mace (weapon)
You barely miss the wight. The wight misses you.
The wight hits you with a +4 great sword.
You feel drained.
You barely miss the wight. The wight barely misses you.
You hit the wight.
The wight is moderately damaged.
The wight hits you with a +4 great sword!
You feel drained. The wight closely misses you.
You barely miss the wight.
The wight is moderately damaged.
The wight closely misses you.
You hit the wight.
The wight is heavily damaged.
The wight barely misses you.
You hit the wight but do no damage.
The wight is heavily damaged.
The wight completely misses you.
The wight hits you with a +4 great sword!
* * * LOW HITPOINT WARNING * * *
You see here a +0 giant club.
Unknown command.
Okay, then.
Unknown command.
As you read the scroll of summoning, it crumbles to dust.
Wisps of shadow whirl around you...
The wight hits you with a +4 great sword!
You die...

## .# .## ..# ..# #####
..######## #...############
.........#########...............
.).............z@Z.>...##########
.........######...h....##........
.........######...S.....#.####...
.........##...#.........#.#####.#
..........#.[.#.........#.......#
#.[.......#)..#.........#########
#.............#####.####.........
##########....#####.# #.#######.
#........#.# ##....####.


You could see a wight (ally target), a friendly hound (summoned), a friendly
adder (summoned) and a friendly howler monkey zombie (summoned).

Vanquished Creatures
  Prince Ribbit (D:5)
  Eustachio (D:5)
  An orc warrior (D:6)
  A necrophage (D:3)
  3 ogres
  2 scorpions
  A water moccasin skeleton (D:4)
  A centaur zombie (D:5)
  3 jellies
  An orc priest (D:6)
  A centaur skeleton (D:4)
  2 hounds
  2 iguanas
  Natasha (thrice) (D:1)
  3 orc wizards
  Terence (D:2)
  A howler monkey zombie (D:5)
  9 gnolls
  A howler monkey skeleton (D:4)
  7 adders
  An ufetubus (D:5)
  2 worms
  2 dart slugs
  19 orcs
  3 ball pythons
  5 endoplasms
  4 giant cockroaches
  7 hobgoblins
  2 jackals (D:3)
  9 quokkas
  4 bats
  2 frilled lizards
  4 goblins
  8 kobolds
  5 rats
122 creatures vanquished.

Vanquished Creatures (others)
  3 plants (D:2)
3 creatures vanquished.

Grand Total: 125 creatures vanquished

Notes
Turn   | Place    | Note
-------+----------+-------------------------------------------
     0 | D:1      | Gabide the Formicid Venom Mage began the quest for the Orb.
     0 | D:1      | Reached XP level 1. HP: 13/13 MP: 3/3
   175 | D:1      | Reached XP level 2. HP: 19/19 MP: 3/5
   731 | D:1      | Reached XP level 3. HP: 22/24 MP: 2/6
  1248 | D:2      | Noticed Terence
  1304 | D:2      | Noticed Natasha
  1419 | D:1      | Killed Natasha
  1420 | D:1      | Reached XP level 4. HP: 14/30 MP: 2/8
  2025 | D:1      | Noticed Natasha
  2031 | D:1      | Killed Natasha
  2041 | D:1      | Noticed Natasha
  2103 | D:1      | Killed Natasha
  2104 | D:1      | Reached XP level 5. HP: 28/36 MP: 3/9
  2168 | D:2      | Reached skill level 1 in Fighting
  2190 | D:1      | Learned a level 2 spell: Poisonous Vapours
  2203 | D:2      | Killed Terence
  3696 | D:3      | Reached XP level 6. HP: 41/42 MP: 6/10
  4053 | D:3      | Noticed a necrophage
  4063 | D:3      | Killed a necrophage
  4064 | D:3      | Reached skill level 5 in Poison Magic
  4241 | D:3      | Identified the +2 short sword of Rum Wuit {venom, Will+
                  | rCorr Str-5 Int+7}
  4301 | D:3      | Reached skill level 5 in Transmutations
  4301 | D:3      | Reached XP level 7. HP: 19/50 MP: 7/12
  5075 | D:3      | Reached skill level 6 in Poison Magic
  5286 | D:4      | Found a staircase to the Ecumenical Temple.
  5305 | Temple   | Entered the Ecumenical Temple
  5423 | Temple   | Became a worshipper of Dithmenos the Shadowed
  6355 | D:4      | Reached XP level 8. HP: 18/56 MP: 14/14
  6854 | D:4      | Learned a level 4 spell: Olgreb's Toxic Radiance
  6855 | D:5      | Entered Level 5 of the Dungeon
  7034 | D:5      | Noticed Prince Ribbit
  7047 | D:5      | HP: 2/56 [Prince Ribbit (12)]
  7054 | D:5      | Killed Prince Ribbit
  7055 | D:5      | Reached skill level 7 in Poison Magic
  7417 | D:5      | Noticed Eustachio
  7428 | D:5      | Killed Eustachio
  7608 | D:5      | Found Immom's Magic Scroll Shoppe.
  7618 | D:5      | Reached skill level 8 in Poison Magic
  7652 | D:5      | Reached * piety under Dithmenos
  7764 | D:5      | Bought a scroll of identify for 24 gold pieces
  7764 | D:5      | Bought a scroll of fear for 42 gold pieces
  7764 | D:5      | Bought a scroll of fog for 24 gold pieces
  7764 | D:5      | Bought a scroll of identify for 24 gold pieces
  7764 | D:5      | Bought a scroll of fog for 24 gold pieces
  7764 | D:5      | Bought a scroll of identify for 24 gold pieces
  7764 | D:5      | Bought a scroll of fear for 42 gold pieces
  8077 | D:6      | Reached skill level 5 in Spellcasting
  8077 | D:6      | Reached XP level 9. HP: 61/61 MP: 8/16
  8340 | D:6      | Reached skill level 9 in Poison Magic
  8573 | D:5      | Slain by a wight

Illustrated notes

Levels and vault maps discovered:
D:1:      minmay_arrival_plants_in_alcoves, layout_loops_ring, serial_forest,
          infiniplex_forest_straight_3, infiniplex_forest_end_2,
          infiniplex_forest_straight_2, infiniplex_forest_straight_2
D:2:      layout_rooms, serial_forest, infiniplex_forest_lined_3_way,
          infiniplex_forest_end_2, infiniplex_forest_straight_2,
          infiniplex_forest_straight_5, infiniplex_forest_end_3,
          infiniplex_forest_lined_room_3, guppyfry_early_lair_pool,
          uniq_terence, uniq_natasha
D:3:      layout_basic
D:4:      layout_basic, minmay_temple_entry_tees, grunt_ministairs_2
D:5:      layout_basic, serial_shops, nicolae_shop_crystal, uniq_eustachio,
          uniq_prince_ribbit1
D:6:      layout_rooms, nzn_wu_jian_council_hall
Temple:   mainiacjoe_temple_archimedes_tessellation

Skill      XL: |  1  2  3  4  5  6  7  8  9 |
---------------+----------------------------+-----
Dodging        | 2 |  2.0
Transmutations | 3 4 5 6 7 8 |  8.0
Stealth        | 3 |  3.0
Spellcasting   | 3 4 5 |  5.3
Fighting       | 2 |  2.0
Poison Magic   | 5 6 8 9 |  9.1

Action                   |  1- 3 |  4- 6 |  7- 9 || total
-------------------------+-------+-------+-------++-------
Melee: Unarmed           |     2 |       |       ||     2
       Dagger            |       |   185 |       ||   185
       Punch             |       |     4 |     3 ||     7
       Mace              |       |     6 |    23 ||    29
       Staff             |       |       |    32 ||    32
 Cast: Sting             |    50 |    90 |   105 ||   245
       Poisonous Vapours |       |     2 |    12 ||    14
       Olgreb's Toxic Ra |       |       |    12 ||    12
 Abil: Dig               |       |     2 |       ||     2
  Use: Potion            |     1 |       |     2 ||     3
       Scroll            |       |       |    11 ||    11
Armor: Robe              |     4 |     8 |     1 ||    13
       Leather armour    |       |       |    46 ||    46
Dodge: Dodged            |    16 |    16 |    96 ||   128
